 Dungeon Crawl Stone Soup version 0.25.1-8-g42b30a86e7 (webtiles) character file.

Game seed: 13421825920098717789

242 ElPutoDani the Skirmisher (level 5, -7/46 HPs)
             Began as a Centaur Warper on Dec 17, 2020.
             Mangled by an ogre
             ... wielding a +0 giant club
              (16 damage)
             ... on level 4 of the Dungeon.
             The game lasted 00:09:29 (4398 turns).

ElPutoDani the Skirmisher (Centaur Warper)          Turns: 4398, Time: 00:09:30

Health: -7/46      AC:  4    Str: 14    XL:     5   Next: 82%
Magic:  8/8        EV: 10    Int: 12    God:
Gold:   144        SH:  0    Dex:  9    Spells: 8/8 levels left

rFire    . . .     SeeInvis .   n - +0 flail
rCold    . . .     Gourm    .   (no shield)
rNeg     . . .     Faith    .   b - +0 leather armour
rPois    .         Spirit   .   (no helmet)
rElec    .         Reflect  .   (no cloak)
rCorr    .         Harm     .   (no gloves)
MR       .....                  (no barding)
Stlth    ..........             (no amulet)
HPRegen  0.15/turn              (no ring)
MPRegen  0.11/turn              (no ring)

@: very quick
A: large, hooves 3, deformed body, speed 2, tough skin 3
a: no special abilities


You were on level 4 of the Dungeon.
You were not hungry.

You visited 1 branch of the dungeon, and saw 4 of its levels.

You collected 144 gold pieces.

Inventory:

Hand Weapons
 a - a +0 hand axe
 l - a +0 hand axe of flaming
 n - a +0 flail (weapon)
Missiles
 e - 2 boomerangs of dispersal
 o - 4 poisoned darts (quivered)
Armour
 b - a +0 leather armour (worn)
Wands
 p - a wand of iceblast (9)
Scrolls
 d - a scroll of blinking
 g - 2 scrolls of noise {unknown}
 h - 3 scrolls of teleportation {unknown}
 i - a scroll of random uselessness {unknown}
 j - a scroll of remove curse {unknown}
 k - 2 scrolls of enchant weapon {unknown}
 m - 2 scrolls of identify {unknown}
 q - a scroll of fear {unknown}
Comestibles
 c - a chunk of flesh
 f - 7 rations


   Skills:
 * Level 4.0 Fighting
 + Level 3.2(3.3) Axes
 + Level 0.6(2.1) Maces & Flails
 - Level 1.1 Throwing
 - Level 0.6 Armour
 + Level 2.4 Dodging
 + Level 2.1 Spellcasting
   Level 2.6 Translocations


You had 8 spell levels left.
You didn't know any spells.
Your spell library contained the following spells:

 Spells                   Type           Power        Failure   Level  Hunger
 Blink                    Tloc           N/A          17%         2    ###....
 Shroud of Golubria       Chrm/Tloc      #.....       30%         2    ###....
 Gell's Gravitas          Tloc           #.........   34%         3    ####...
 Lesser Beckoning         Tloc           #.........   34%         3    ####...
 Teleport Other           Tloc           #.......     34%         3    ####...
 Passage of Golubria      Tloc           N/A          75%         4    #####..


Dungeon Overview and Level Annotations

Branches:
Dungeon (4/15)
 Temple: D:4-7

Altars:
Makhleb
The Shining One


Innate Abilities, Weirdness & Mutations

You have hooves in place of feet.
Armour fits poorly on your strangely shaped body.
You cover ground very quickly.
You have extremely tough skin. (AC +3)


Message History

You throw a poisoned dart. The poisoned dart hits the ogre.
The ogre is poisoned.
You see here a ration.
A frilled lizard comes into view.
You closely miss the frilled lizard.
The frilled lizard bites you but does no damage.
You miss the frilled lizard.
You kick the frilled lizard, but do no damage.
The ogre looks more healthy.
The frilled lizard bites you but does no damage.
The ogre hits you with a +0 giant club!!
* * * LOW HITPOINT WARNING * * *
You barely miss the frilled lizard. Your kick misses the frilled lizard.
The frilled lizard bites you but does no damage.
The frilled lizard closely misses you. The ogre barely misses you.
You closely miss the frilled lizard. Your kick misses the frilled lizard.
The ogre looks more healthy.
The frilled lizard bites you.
* * * LOW HITPOINT WARNING * * *
The ogre hits you with a +0 giant club!
You die...

......... .......<#
#######.# #......
+....(. #...... #....(.
#############+####......
......l@OO...%..(..(....
#############..###......
......##....%.
........##......
#........##......
#.......#########
#.......# ##8##
#.......# 8...8


You could see 2 ogres and a frilled lizard.

Vanquished Creatures
  A scorpion (D:3)
  A hound (D:3)
  Natasha (twice) (D:2)
  4 adders
  2 worms (D:3)
  4 dart slugs
  2 leopard geckos (D:1)
  2 orcs (D:3)
  3 giant cockroaches
  8 goblins
  5 hobgoblins
  8 jackals
  4 kobolds
  A ball python (D:3)
  13 bats
  4 frilled lizards
  6 rats
70 creatures vanquished.

Notes
Turn   | Place    | Note
-------+----------+-------------------------------------------
     0 | D:1      | ElPutoDani the Centaur Warper began the quest for the Orb.
     0 | D:1      | Reached XP level 1. HP: 17/17 MP: 3/3
   182 | D:1      | Reached XP level 2. HP: 24/24 MP: 4/4
   701 | D:1      | Reached XP level 3. HP: 30/30 MP: 6/6
  1868 | D:2      | Reached skill level 3 in Fighting
  1868 | D:2      | Reached XP level 4. HP: 19/38 MP: 7/7
  2106 | D:2      | Noticed Natasha
  2132 | D:2      | Killed Natasha
  2170 | D:2      | Noticed Natasha
  2181 | D:2      | Killed Natasha
  2627 | D:3      | Reached XP level 5. HP: 17/45 MP: 8/8
  3141 | D:3      | Found a glowing golden altar of the Shining One.
  3460 | D:4      | Noticed an ogre
  3460 | D:4      | Noticed an ogre
  3492 | D:3      | HP: 2/46 [poisoned by a scorpion]
  3498 | D:3      | HP: 2/46 [poisoned by a scorpion]
  3828 | D:3      | Found a burning altar of Makhleb.
  4203 | D:3      | Reached skill level 4 in Fighting
  4398 | D:4      | Mangled by an ogre

Illustrated notes

Levels and vault maps discovered:
D:1:      roderic_chinese_lattice_arrival, layout_basic,
          kennysheep_decorative_pillar, minmay_misc_feat_iff,
          chequers_serial_rivers_micro_d, minmay_octomino_c4
D:2:      layout_basic, uniq_natasha
D:3:      layout_loops_cross, makhleb_blood_cavern_becter, tso_oasis_becter,
          fountainhead, minmay_quantized
D:4:      layout_basic, chequers_temple_overflow_statue_of_worship,
          nicolae_overflow_hidden_temple, first_ration, serial_shops,
          kennysheep_mini_moat

Skill      XL: |  1  2  3  4  5 |
---------------+----------------+-----
Spellcasting   | 2 |  2.1
Axes           | 2 3 |  3.2
Fighting       | 3 4 |  4.0
Dodging        | 2 |  2.4
Maces & Flails | |  0.6
Throwing       | |  1.1
Armour         | |  0.6
Translocations | |  2.6

Action                   |  1- 3 |  4- 6 || total
-------------------------+-------+-------++-------
Melee: Hand axe          |   121 |    73 ||   194
       Kick              |    11 |    27 ||    38
       Flail             |       |    42 ||    42
Throw: Boomerang         |       |     3 ||     3
       Dart              |       |    17 ||    17
  Use: Potion            |     1 |     9 ||    10
  Eat: Chunk             |     2 |     7 ||     9
Armor: Leather armour    |    79 |    52 ||   131
Dodge: Dodged            |    83 |    62 ||   145
